 Dungeon Crawl Stone Soup version 0.25.1-4-g9407a263a5 (webtiles) character file.

Game seed: 17331224320880787388

82 Clowwww the Chopper (level 4, -2/34 HPs)
             Began as a Demonspawn Gladiator on Nov 28, 2020.
             Slain by a gnoll
             ... wielding a cursed +0 spear
              (8 damage)
             ... on level 2 of the Dungeon.
             The game lasted 00:03:33 (1705 turns).

Clowwww the Chopper (Demonspawn Gladiator)          Turns: 1705, Time: 00:03:33

Health: -2/34      AC:  4    Str: 15    XL:     4   Next: 21%
Magic:  4/4        EV: 13    Int:  9    God:
Gold:   42         SH:  0    Dex: 15    Spells: 3/3 levels left

rFire    . . .     SeeInvis .   a - +0 war axe
rCold    . . .     Gourm    .   (no shield)
rNeg     . . .     Faith    .   b - +0 leather armour
rPois    .         Spirit   .   c - +0 helmet
rElec    .         Reflect  .   (no cloak)
rCorr    .         Harm     .   (no gloves)
MR       .....                  (no boots)
Stlth    +.........             (no amulet)
HPRegen  0.11/turn              (no ring)
MPRegen  0.09/turn              (no ring)

@: no status effects
A: claws 1, rot immunity
a: no special abilities


You were on level 2 of the Dungeon.
You were not hungry.

You visited 1 branch of the dungeon, and saw 2 of its levels.

You collected 42 gold pieces.

Inventory:

Hand Weapons
 a - a +0 war axe (weapon)
Missiles
 d - 3 throwing nets (quivered)
Armour
 b - a +0 leather armour (worn)
 c - a +0 helmet (worn)
Scrolls
 e - a scroll of fear
 g - a scroll of immolation {unknown}
 h - a scroll of random uselessness {unknown}
 l - 2 scrolls of remove curse {unknown}
Potions
 k - a potion of brilliance
Comestibles
 f - a ration


   Skills:
 + Level 2.4 Fighting
 + Level 3.8 Axes
 + Level 1.8 Throwing
 + Level 1.0 Armour
 + Level 3.0 Dodging


You had 3 spell levels left.
You didn't know any spells.
Your spell library was empty.

Dungeon Overview and Level Annotations

Branches:
Dungeon (2/15)

Altars:


Innate Abilities, Weirdness & Mutations

You have sharp fingernails.
You are immune to rotting.


Message History

You kill the gnoll!
Your Armour skill increases to level 1!
You have reached level 4!
You feel agile.
The gnoll hits you from afar with a cursed +0 spear.
The gnoll hits you.
The gnoll hits you from afar with a cursed +0 spear.
You closely miss the gnoll. The gnoll closely misses you. The gnoll misses you.
You slash the gnoll!
The gnoll is almost dead.
The gnoll barely misses you. The gnoll hits you.
You hit the gnoll.
You kill the gnoll!
The gnoll closely misses you.
The gnoll hits you with a cursed +0 spear.
* * * LOW HITPOINT WARNING * * *
You hit the gnoll.
The gnoll is moderately wounded.
The gnoll hits you with a cursed +0 spear!
You die...

#..........#.###................
#.......##.#...#.##...........#.
#.......##.###.#.######...#####
#.......##.# #......# #...#
##########.# #.#.##.# #...# ####
#.###.#.##)# #...# ...
#.......##.# ##.##
#.#######.####.# #.#
#........g@....####.#
......%.#####............#
.#####.## #.#.....###### #.
#.#.##..# ### .. #.#.##..##.g...
### #.....#[..>....
###..###.....## #.#. ##.#.# #.
.# #


You could see a gnoll.

Vanquished Creatures
  5 gnolls (D:2)
  A dart slug (D:1)
  A leopard gecko (D:2)
  5 goblins
  4 hobgoblins
  10 kobolds
  3 bats (D:1)
  3 frilled lizards (D:1)
  4 rats (D:1)
36 creatures vanquished.

Notes
Turn   | Place    | Note
-------+----------+-------------------------------------------
     0 | D:1      | Clowwww the Demonspawn Gladiator began the quest for the
                  | Orb.
     0 | D:1      | Reached XP level 1. HP: 16/16 MP: 1/1
   158 | D:1      | Gained mutation: You are immune to rotting. [demonic
                  | ancestry]
   158 | D:1      | Reached XP level 2. HP: 19/22 MP: 2/2
  1023 | D:1      | Gained mutation: You have sharp fingernails. [demonic
                  | ancestry]
  1023 | D:1      | Reached XP level 3. HP: 27/27 MP: 3/3
  1687 | D:2      | Reached skill level 1 in Armour
  1687 | D:2      | Reached XP level 4. HP: 29/34 MP: 4/4
  1705 | D:2      | Slain by a gnoll

Illustrated notes

Levels and vault maps discovered:
D:1:      dpeg_arrival_lava_temple_mockup, layout_loops_corners,
          minmay_tromino_mix6
D:2:      layout_loops_cross, first_ration, chequers_ecumenical_altar_simple,
          nrook_uturn, minmay_fountain_box

Skill      XL: |  1  2  3 |
---------------+----------+-----
Axes           | 3 |  3.8
Dodging        | 3 |  3.0
Armour         | 1 |  1.0
Fighting       | |  2.4
Throwing       | |  1.8

Action                   |  1- 3 |  4- 6 || total
-------------------------+-------+-------++-------
Melee: War axe           |   111 |     4 ||   115
  Use: Scroll            |     3 |       ||     3
       Potion            |     1 |       ||     1
  Eat: Ration            |     1 |       ||     1
Armor: Leather armour    |    26 |       ||    26
Dodge: Dodged            |    78 |     4 ||    82
